 Dungeon Crawl Stone Soup version 0.28.0 (webtiles) character file.

Game seed: 6398454486798551900

410 BorgnjorsVileCrotch the Chopper (level 6, -5/55 HPs)
             Began as a Deep Dwarf Fighter on Feb 13, 2022.
             Slain by an ogre (18 damage)
             ... on level 6 of the Dungeon.
             The game lasted 00:02:49 (479 turns).

BorgnjorsVileCrotch the Chopper (Deep Dwarf Fighter) Turns: 479, Time: 00:02:49

Health: -5/55      AC: 12    Str: 22    XL:     6   Next: 58%
Magic:  5/5        EV:  7    Int:  8    God:
Gold:   78         SH:  4    Dex: 12    Spells: 5/5 levels left

rFire   . . .      SeeInvis .   a - +0 war axe
rCold   . . .      Faith    .   c - +0 buckler
rNeg    . . .      Spirit   .   h - +0 chain mail
rPois   .          Reflect  .   f - +2 helmet
rElec   .          Harm     .   (no cloak)
rCorr   .          Rampage  .   (no gloves)
Will    .....                   (no boots)
Stlth   ..........              (no amulet)
HPRegen 0.00/turn               (no ring)
MPRegen 0.09/turn               (no ring)

@: no status effects
A: damage resistance, heal wounds, sense surroundings 1, no regeneration
a: Heal Wounds


You were on level 6 of the Dungeon.
You visited 1 branch of the dungeon, and saw 6 of its levels.

You collected 78 gold pieces.

Inventory:

Hand Weapons
 a - a +0 war axe (weapon)
Armour
 b - a +0 scale mail
 c - a +0 buckler (worn)
 f - a +2 helmet (worn)
   (You found it on level 6 of the Dungeon)
 h - a +0 chain mail (worn)
   (You found it on level 2 of the Dungeon)
Potions
 d - a potion of might {@q3 !q}
 e - a potion of degeneration {unknown}
 g - a potion of flight {unknown}
 i - a potion of ambrosia
 j - a potion of magic


   Skills:
 - Level 2.6 Fighting
 + Level 7.8 Axes
 - Level 3.2 Armour
 - Level 3.2 Shields


You had 5 spell levels left.
You didn't know any spells.
Your spell library was empty.

Dungeon Overview and Level Annotations

Branches:
Dungeon (6/15)
 Temple: D:4-7

Altars:

Annotations:
D:4 Pikel
D:5 Blork the orc, Eustachio


Innate Abilities, Weirdness & Mutations

You are resistant to damage.
You can heal yourself by infusing magical energy.
You passively map a small area around you.
You do not regenerate.


Message History

You kill the orc!
There is an open door, spattered with blood here.
Items here: ))) [[ †††.
A centaur comes into view.
The centaur shouts!
The centaur wields a +0 shortbow.
The centaur shoots an arrow.
The arrow completely misses you.
The centaur shoots an arrow.
The arrow hits you!
* * * LOW HITPOINT WARNING * * *
Things that are here:
a +0 dagger; a +0 robe; an orc corpse You feel much better.
The centaur shoots an arrow.
The arrow hits you.
The centaur shoots an arrow.
The arrow hits you!
The centaur shoots an arrow.
The arrow hits you.
The centaur shoots an arrow.
The arrow hits you!
A bullfrog zombie comes into view.
The centaur shoots an arrow.
The arrow barely misses you.
The centaur unwields a +0 shortbow.
The centaur closely misses you. The centaur completely misses you.
You hit the centaur.
The centaur is moderately wounded.
The centaur closely misses you.
The centaur kicks you but does no damage.
The centaur hits you but does no damage.
The centaur closely misses you.
You barely miss the centaur.
The centaur is moderately wounded.
The centaur hits you but does no damage.
The centaur kicks you but does no damage.
You slash the centaur!
The centaur is heavily wounded.
You block the centaur's attack. The centaur barely misses you.
The centaur hits you but does no damage.
The centaur kicks you but does no damage.
You slash the centaur!
You kill the centaur!
The bullfrog zombie hits you but does no damage.
You barely miss the bullfrog zombie. The bullfrog zombie barely misses you.
You slash the bullfrog zombie!
The bullfrog zombie is moderately damaged.
The bullfrog zombie hits you but does no damage.
You block the bullfrog zombie's attack.
You barely miss the bullfrog zombie.
The bullfrog zombie is moderately damaged.
The bullfrog zombie hits you but does no damage.
You barely miss the bullfrog zombie.
The bullfrog zombie is moderately damaged.
The bullfrog zombie hits you but does no damage. x2
You hit the bullfrog zombie.
The bullfrog zombie is moderately damaged.
The bullfrog zombie closely misses you.
You hit the bullfrog zombie.
The bullfrog zombie is heavily damaged.
The bullfrog zombie hits you. You block the bullfrog zombie's attack.
You slash the bullfrog zombie!
The bullfrog zombie is severely damaged.
The bullfrog zombie hits you but does no damage.
You slash the bullfrog zombie!
The bullfrog zombie is almost destroyed.
The bullfrog zombie closely misses you. The bullfrog zombie barely misses you.
You barely miss the bullfrog zombie.
The bullfrog zombie is almost destroyed.
The bullfrog zombie closely misses you.
You hit the bullfrog zombie.
You destroy the bullfrog zombie!
g - a lumpy pink potion
Things that are here:
a +0 shortbow; 21 arrows; a centaur corpse
Found 4 gold pieces.
You now have 71 gold pieces (gained 4).
Things that are here:
a +0 shortbow; 21 arrows; a centaur corpse
Things that are here:
a +0 dagger; a +0 robe; an orc corpse
There is an open door, spattered with blood here.
Items here: ))) [[ †††.
Things that are here:
a +0 mace; a +0 ring mail
Found 7 gold pieces.
Found a scale mail.
You now have 78 gold pieces (gained 7).
An ogre comes into view. It is wielding a +0 giant club.
The ogre shouts!
A white imp comes into view.
You see here a +0 scale mail.
You slash the ogre!
The ogre is moderately wounded.
The ogre barely misses you. You block the white imp's attack.
You barely miss the ogre.
The ogre is moderately wounded.
You barely miss the white imp. The ogre hits you with a +0 giant club!
The white imp hits you but does no damage.
You slash the ogre!
The ogre is severely wounded.
You closely miss the white imp. The white imp gestures at you.
The puff of frost hits you!
* * * LOW HITPOINT WARNING * * *
The ogre hits you with a +0 giant club!!
You die...

, ##..## , * * , **
#....## ** , ,
##.....## * * ,
#.......##, * *,
##........## ,**
#...#......## ,* , *
,##...##......##*
#...####......## *
##...#..##..@5..# *
#...##.).##..O.....#*
,* *
##...#..#..##.......#
,
#...##.##...##.....##
##...#..#..#..##....#
#..)##.##.##...##..##
*
#...)).#..#..#..##.+
* , ##.##############
## * * #.# #......# ,
** +


You could see an ogre and a white imp.

Vanquished Creatures
  A centaur (D:6)
  A phantom (D:6)
  A gnoll sergeant (D:6)
  A wight (D:4)
  A bullfrog zombie (D:6)
  A bullfrog skeleton (D:6)
  A centaur skeleton (D:4)
  An orc wizard (D:6)
  An adder (D:6)
  A howler monkey skeleton (D:4)
  A dart slug (D:2)
  3 orcs (D:6)
  2 giant cockroaches
  A quokka (D:3)
  4 ball pythons
  A bat (D:2)
  A frilled lizard (D:2)
  A goblin (D:2)
  A kobold (D:1)
  3 rats
28 creatures vanquished.

Notes
Turn   | Place    | Note
-------+----------+-------------------------------------------
     0 | D:1      | BorgnjorsVileCrotch the Deep Dwarf Fighter began the quest
                  | for the Orb.
     0 | D:1      | Reached XP level 1. HP: 20/20 MP: 1/1
    89 | D:2      | Reached skill level 3 in Axes
    89 | D:2      | Reached XP level 2. HP: 20/27 MP: 2/2
   227 | D:4      | Reached skill level 4 in Axes
   227 | D:4      | Reached XP level 3. HP: 22/33 MP: 3/3
   269 | D:5      | Entered Level 5 of the Dungeon
   269 | D:5      | Noticed Blork the orc
   271 | D:5      | Noticed an orc warrior
   274 | D:5      | Noticed Eustachio
   279 | D:4      | Reached skill level 5 in Axes
   279 | D:4      | Reached XP level 4. HP: 17/40 MP: 4/4
   301 | D:4      | Noticed a lemure
   301 | D:4      | Noticed a lemure
   302 | D:4      | Noticed a lemure
   303 | D:4      | Noticed a lemure
   303 | D:4      | Noticed Pikel
   310 | D:4      | Your magical essence is drained by the effort!
   312 | D:5      | Noticed a gnoll sergeant
   328 | D:5      | Noticed a scorpion
   345 | D:6      | Noticed a phantom
   367 | D:6      | Killed a phantom
   368 | D:6      | Reached skill level 6 in Axes
   368 | D:6      | Reached XP level 5. HP: 24/46 MP: 4/4
   408 | D:6      | Reached skill level 7 in Axes
   408 | D:6      | Reached XP level 6. HP: 16/55 MP: 5/5
   479 | D:6      | Slain by an ogre

Illustrated notes

Levels and vault maps discovered:
D:1:      saegor_arrival_under_anarchy, layout_basic,
          shapermc_ecumenical_altar_rom_forum
D:2:      layout_rooms
D:3:      layout_loops_corners, mainiacjoe_overflow_catwalk_spiral
D:4:      layout_basic, minivault_27, uniq_pikel
D:5:      minmay_general_purpose_star, layout_basic, sword_in_stone,
          uniq_eustachio
D:6:      minmay_razor_zed, layout_basic, serial_rivers,
          chequers_serial_rivers_micro_d, chequers_serial_rivers_small_b,
          chequers_serial_rivers_micro_e, chequers_serial_rivers_micro_a,
          uniq_edmund

Skill      XL: |  1  2  3  4  5 |
---------------+----------------+-----
Axes           | 3 4 5 6 7 |  7.8
Fighting       | |  2.6
Armour         | |  3.2
Shields        | |  3.2

Action                   |  1- 3 |  4- 6 || total
-------------------------+-------+-------++-------
Melee: War axe           |    35 |    66 ||   101
 Abil: Heal Wounds       |       |     2 ||     2
  Use: Scroll            |       |     5 ||     5
Armor: Scale mail        |    24 |       ||    24
       Chain mail        |     5 |    53 ||    58
Dodge: Dodged            |    20 |    33 ||    53
Block: Buckler           |    14 |    13 ||    27
